 Dungeon Crawl Stone Soup version 0.29-a0-383-g8b6f518c11 (webtiles) character file.

Game seed: 3020318691763950755

8210 Bruhh the Fighter (level 11, -20/87 HPs)
             Began as a Djinni Earth Elementalist on May 6, 2022.
             Killed from afar by an ice dragon (shapeshifter) (64 damage)
             ... with a blast of cold
             ... on level 9 of the Dungeon.
             The game lasted 00:17:46 (13149 turns).

Bruhh the Fighter (Djinni Earth Elementalist)      Turns: 13149, Time: 00:17:47

Health: -20/87     AC:  7    Str:  7    XL:     11   Next: 51%
Gold:   614        EV: 15    Int: 20    God:
                   SH:  7    Dex: 15

rFire   + + .      SeeInvis .   p - +3 rapier (drain)
rCold   x . .      Faith    .   O - +0 kite shield
rNeg    . . .      Spirit   .   I - +0 steam dragon scales
rPois   ∞          Reflect  .   q - +0 helmet
rElec   .          Harm     .   B - +0 cloak
rCorr   .          Rampage  .   (no gloves)
Will    +....                   (boots unavailable)
Stlth   ++........              (no amulet)
HPRegen 0.24/turn               (no ring)
MPRegen 0.00/turn               (no ring)

@: flying, very slightly contaminated
A: sickness immunity, fire resistance 2, cold vulnerability 1, float, innate
caster, HP casting, extra vitality 1
a: no special abilities


You were on level 9 of the Dungeon.
You visited 2 branches of the dungeon, and saw 10 of its levels.

You collected 614 gold pieces.

Inventory:

Hand Weapons
 p - a +3 rapier of draining (weapon)
 x - a +4 broad axe of electrocution
 A - a +3 quarterstaff of chaos
Missiles
 a - 343 stones
 o - 23 poisoned darts
Armour
 b - a +0 robe
 q - a +0 helmet (worn)
 B - a +0 cloak (worn)
 I - +0 steam dragon scales (worn)
 O - a +0 kite shield (worn)
Jewellery
 C - a ring of willpower
 F - an amulet of regeneration
Wands
 t - a wand of flame (30)
 y - a wand of paralysis (15)
 K - a wand of charming (4)
 M - a wand of polymorph (6)
Scrolls
 c - 5 scrolls of enchant armour {unknown}
 g - 3 scrolls of vulnerability {unknown}
 h - 3 scrolls of magic mapping {unknown}
 i - 7 scrolls of identify {unknown}
 l - 2 scrolls of poison {unknown}
 m - 3 scrolls of noise {unknown}
 r - 2 scrolls of fog {unknown}
 s - a scroll of torment {unknown}
 w - 3 scrolls of silence {unknown}
 z - 3 scrolls of teleportation {unknown}
 D - a scroll of immolation {unknown}
 G - 2 scrolls of amnesia {unknown}
 H - a scroll of fear {unknown}
 J - a scroll of blinking {unknown}
 P - a scroll of enchant weapon {unknown}
Potions
 d - 2 potions of magic {unknown}
 e - a potion of flight {unknown}
 f - a potion of lignification {unknown}
 j - 2 potions of haste {unknown}
 k - 2 potions of might {unknown}
 n - 7 potions of curing
 u - 3 potions of brilliance {unknown}
 v - 3 potions of heal wounds {unknown}
 E - 2 potions of resistance {unknown}
 L - a potion of mutation {unknown}
 N - a potion of attraction {unknown}


   Skills:
 - Level 11.0 Fighting
 - Level 1.1 Armour
 - Level 10.0 Dodging
 - Level 1.5 Stealth
 + Level 0.0 Shields
 - Level 8.0 Spellcasting


You had one spell level left.
You knew the following spells:

 Your Spells              Type           Power      Damage    Failure   Level
a - Sandblast             Erth           80%        2d17      1%          1
b - Passwall              Tmut/Erth      33%        N/A       1%          2
c - Stone Arrow           Conj/Erth      80%        3d12      3%          3
d - Petrify               Tmut/Erth      40%        N/A       12%         4
e - Beastly Appendage     Tmut           80%        N/A       1%          1
f - Scorch                Fire           80%        2d9       1%          2
g - Mephitic Cloud        Conj/Pois/Air  40%        N/A       3%          3
h - Summon Lightning Spi  Summ/Air       40%        N/A       12%         4
i - Manifold Assault      Tloc           40%        N/A       32%         5
Your spell library was empty.

Dungeon Overview and Level Annotations

Branches:
Dungeon (9/15)             Temple (1/1) D:6
   Lair: D:8-11         Orc: D:9-12

Altars:
Ashenzari
Cheibriados
Dithmenos
Fedhas
Hepliaklqana
Kikubaaqudgha
Makhleb
Qazlal
Ru
Sif Muna
Uskayaw
Vehumet
Wu Jian
Xom
Yredelemnul
The Shining One
Beogh

Shops:
D:6 *

Annotations:
D:4 3 runed translucent doors, Iidacon's ghost, amateur MfBe


Innate Abilities, Weirdness & Mutations

You are immune to sickness and miasma.
You are immune to poison.
Your flesh is very heat resistant. (rF++)
You are vulnerable to cold. (rC-)
You float through the air rather than walking.
You learn spells naturally, not from books.
Your magical power is your life essence.
You have superior vitality. (+4 MHP)


Message History

You now have 614 gold pieces (gained 9).
You reach down and open the large door.
There is a large open door here.
i - 7 scrolls labelled BOVAFO GUYNAOR (gained 1)
A satyr comes into view.
The satyr shouts!
A satyr is nearby!
A satyr is nearby!
A satyr is nearby!
You see here a wand of iceblast (6).
The stone arrow hits the satyr!
The satyr is lightly wounded.
The stone arrow hits the satyr!!
The satyr is heavily wounded.
The stone arrow hits the satyr!
The satyr is severely wounded.
The satyr closely misses you.
You miscast Stone Arrow.
You are very lightly contaminated with residual magic.
Nothing appears to happen.
The satyr hits you!
The stone arrow hits the satyr!!
The satyr is almost dead.
The satyr changes into an ice dragon!
The stone arrow hits the ice dragon!
The ice dragon is lightly wounded.
The stone arrow hits the ice dragon!!
The ice dragon is heavily wounded.
You block the ice dragon's attack. The ice dragon misses you.
The ice dragon tramples you.
You are shoved backwards!
The stone arrow misses the ice dragon.
The ice dragon misses you. The ice dragon claws you.
The ice dragon tramples you but does no damage.
You miscast Stone Arrow.
Nothing appears to happen.
The ice dragon completely misses you. The ice dragon closely misses you. x2
The stone arrow hits the ice dragon.
The ice dragon is heavily wounded.
The ice dragon breathes frost at you. The blast of cold hits you!!!
You feel a terrible chill!
Ouch! That really hurt!
You die...

#)........'..###.))......+
#.........#### ##)'......+
##'######## ###......##
#..# #.#....#.# ##'########
######..#''#..# #.........#
#....####..#### #.........#
#........+.# #.......[.#
#........#..#
#.........####.D@.....##...
#.........##.'........#
###.#####
#.........#..#........#
#.... #.........'.
#........# #....
#.........# ######+###
#.._. ##'######## #.. #....
#...# #.# ##### ####.#####
##.#### ##'##.
#.....)..#######.....####
#....)


You could see an ice dragon shaped shifter (catching breath).

Vanquished Creatures
  A centaur warrior (D:9)
  A two-headed ogre (D:9)
  Pikel (D:4)
  A hornet (D:9)
  Prince Ribbit (D:9)
  Eustachio (D:4)
  11 yaks
  3 steam dragons
  A water moccasin (D:5)
  Duvessa (D:5)
  3 orc warriors
  A sky beast (D:7)
  A black bear (D:6)
  2 ice beasts
  3 ogres
  2 centaurs (D:7)
  A lemure (D:3)
  2 phantoms
  Blork the orc (D:5)
  2 bullfrogs (D:8)
  A kobold brigand (D:7)
  3 necrophages
  2 gnoll sergeants (D:5)
  3 scorpions
  A wyvern zombie (D:9)
  12 wights
  Dowan (D:5)
  3 howler monkeys (D:9)
  A jelly (D:5)
  2 orc priests (D:8)
  Crazy Yiuf (D:5)
  5 hounds
  A human zombie (D:9)
  2 iguanas
  4 orc wizards
  2 mummies (D:9)
  3 howler monkey zombies (D:9)
  10 gnolls
  8 adders
  A shadow imp (D:8)
  A white imp (D:6)
  3 ufetubi
  A worm (D:3)
  A dart slug (D:3)
  30 orcs
  8 endoplasms
  3 giant cockroaches
  6 goblins
  8 hobgoblins
  A quokka (D:4)
  3 ball pythons
  5 bats
  2 frilled lizards
  17 kobolds
  4 rats
  A butterfly (D:6)
200 creatures vanquished.

Vanquished Creatures (collateral kills)
  An orc warrior (D:9)
  An ogre (D:9)
  A gnoll sergeant (D:9)
  2 orc priests (D:9)
  An orc wizard (D:9)
  4 gnolls (D:5)
  11 orcs
21 creatures vanquished.

Grand Total: 221 creatures vanquished

Notes
Turn   | Place    | Note
-------+----------+-------------------------------------------
     0 | D:1      | Bruhh the Djinni Earth Elementalist began the quest for the
                  | Orb.
     0 | D:1      | Reached XP level 1. HP: 15/15 MP: 0/0
    32 | D:1      | Reached XP level 2. HP: 13/21 MP: 0/0
    32 | D:1      | You are sucked into a shaft and drop 1 floor!
   160 | D:2      | Noticed a scorpion
   168 | D:2      | Killed a scorpion
   169 | D:2      | Reached XP level 3. HP: 9/25 MP: 0/0
   169 | D:2      | Learned a level 1 spell: Beastly Appendage
   169 | D:2      | Reached XP level 4. HP: 11/31 MP: 0/0
   387 | D:2      | Noticed a phantom
   407 | D:2      | Killed a phantom
   408 | D:2      | Reached XP level 5. HP: 25/35 MP: 0/0
   408 | D:2      | Learned a level 2 spell: Scorch
  1301 | D:1      | Noticed an eye of devastation
  1303 | D:1      | Found a faded altar of an unknown god.
  1305 | D:1      | Noticed a floating eye
  1306 | D:1      | Noticed a golden eye
  1306 | D:1      | Noticed a great orb of eyes
  2233 | D:2      | Reached XP level 6. HP: 38/40 MP: 0/0
  2871 | D:3      | Reached skill level 5 in Spellcasting
  3564 | D:4      | Noticed Eustachio
  3722 | D:4      | Killed Eustachio
  3723 | D:4      | Reached XP level 7. HP: 31/45 MP: 0/0
  3723 | D:4      | Learned a level 3 spell: Mephitic Cloud
  4016 | D:4      | Noticed Iidacon's ghost (amateur MfBe)
  4114 | D:4      | Noticed Pikel
  4421 | D:4      | Found a runed translucent gate.
  4421 | D:4      | Found a runed translucent gate.
  4423 | D:4      | Found a runed translucent gate.
  4548 | D:4      | Killed Pikel
  4549 | D:4      | Reached XP level 8. HP: 30/50 MP: 0/0
  5104 | D:5      | Entered Level 5 of the Dungeon
  5303 | D:5      | Noticed Dowan
  5311 | D:5      | Killed Dowan
  5312 | D:5      | Noticed Duvessa
  5319 | D:5      | Killed Duvessa
  5320 | D:5      | Reached skill level 1 in Fighting
  5330 | D:5      | Reached skill level 2 in Fighting
  5601 | D:5      | Reached skill level 3 in Fighting
  5721 | D:5      | Found a runed translucent door.
  5722 | D:5      | Noticed Crazy Yiuf
  5749 | D:5      | Reached XP level 9. HP: 56/62 MP: 0/0
  5749 | D:5      | Learned a level 4 spell: Summon Lightning Spire
  5758 | D:5      | Reached skill level 4 in Fighting
  6051 | D:5      | Reached skill level 5 in Fighting
  6789 | D:5      | Reached skill level 6 in Fighting
  6924 | D:5      | Noticed Blork the orc
  6930 | D:5      | Killed Blork the orc
  7094 | D:5      | Killed Crazy Yiuf
  7277 | D:6      | Found a staircase to the Ecumenical Temple.
  7334 | Temple   | Entered the Ecumenical Temple
  7536 | D:6      | Found Uguneb's Gadget Gallery.
  7958 | D:6      | Reached skill level 7 in Fighting
  8405 | D:6      | Reached skill level 8 in Fighting
  8675 | D:7      | Reached XP level 10. HP: 52/77 MP: 0/0
  8897 | D:7      | Reached skill level 9 in Fighting
  9394 | D:7      | Reached skill level 10 in Fighting
 10490 | D:8      | Reached skill level 11 in Fighting
 11674 | D:9      | Reached skill level 5 in Dodging
 11681 | D:9      | Reached XP level 11. HP: 41/87 MP: 0/0
 11681 | D:9      | Learned a level 5 spell: Manifold Assault
 12035 | D:9      | Noticed Prince Ribbit
 12038 | D:9      | Killed Prince Ribbit
 12689 | D:9      | Found a basalt altar of Yredelemnul.
 12968 | D:9      | Noticed a two-headed ogre
 12970 | D:9      | Noticed a centaur warrior
 12972 | D:9      | Killed a centaur warrior
 12976 | D:9      | Killed a two-headed ogre
 12977 | D:9      | Reached skill level 10 in Dodging
 12979 | D:9      | Reached skill level 1 in Armour
 13138 | D:9      | Noticed a satyr
 13144 | D:9      | Noticed an ice dragon
 13144 | D:9      | a satyr changed into an ice dragon
 13149 | D:9      | Killed from afar by an ice dragon (shapeshifter)

Illustrated notes

Levels and vault maps discovered:
D:1:      beargit_arrival_greenhouse, layout_loops_cross,
          hellmonk_ecumenical_altar_watching_god, nicolae_grassy_gnolls
D:2:      layout_loops_corners, minmay_puff
D:3:      layout_rooms
D:4:      minmay_wonky_spiral, layout_cave_pools, gammafunk_ghost_split,
          uniq_pikel, uniq_eustachio
D:5:      layout_layer_cave, tgw_sif, minmay_between, uniq_duvessa,
          uniq_crazy_yiuf_cottage
D:6:      layout_basic, minmay_temple_entry_butterflies, serial_bayou_pond_c,
          nicolae_shop_gadgets
D:7:      layout_loops_ring
D:8:      layout_loops_ring, serial_bayou_pond_e, nrook_campfire
D:9:      layout_roguey, lemuel_mausoleum_altar_yredelemnul, special_room
          [special_room_orc], ebering_ghost_funeral_grove,
          lightli_fourway_metalbox, uniq_prince_ribbit1
Temple:   eino_narrow_crystal_temple

Skill      XL: |  1  2  3  4  5  6  7  8  9 10 11 |
---------------+----------------------------------+-----
Spellcasting   | 3 4 6 7 8 |  8.0
Fighting       | 3 8 11 | 11.0
Dodging        | 6 10 | 10.0
Armour         | 1 |  1.1
Stealth        | |  1.5

Action                   |  1- 3 |  4- 6 |  7- 9 | 10-12 || total
-------------------------+-------+-------+-------+-------++-------
Melee: Unarmed           |       |     4 |       |       ||     4
       Rapier            |       |       |    31 |    10 ||    41
 Cast: Sandblast         |    11 |    11 |     2 |       ||    24
       Scorch            |       |    73 |     9 |       ||    82
       Stone Arrow       |       |       |    82 |   150 ||   232
       Mephitic Cloud    |       |       |     5 |     1 ||     6
       Summon Lightning  |       |       |     2 |     2 ||     4
  Use: Potion            |       |       |     1 |       ||     1
Armor: Robe              |       |     6 |    15 |       ||    21
       Steam dragon scal |       |       |       |    11 ||    11
Dodge: Dodged            |     5 |    21 |    35 |    27 ||    88
Block: Kite shield       |       |       |       |     1 ||     1

Table legend: (Time is in decaauts)
 A = Elapsed time spent in this place.
 B = Non-inter-level travel time spent in this place.
 C = Inter-level travel time spent in this place.
 D = Time resting spent in this place.
 E = Time spent auto-exploring this place.
 F = Levels seen in this place.
 G = Mean time per level.
                   A        B        C        D        E       F      G
               +--------+--------+--------+--------+--------+-----+--------+
         Total |  13158 |  12887 |    271 |    368 |  11276 |  10 | 1315.8 |
       Dungeon |  12996 |  12737 |    259 |    368 |  11134 |   9 | 1444.0 |
        Temple |    161 |    149 |     12 |      0 |    142 |   1 |  161.0 |
               +--------+--------+--------+--------+--------+-----+--------+

Top non-repeatable levels by time:
     D:5: 2056 daAuts
     D:2: 1890 daAuts
     D:9: 1823 daAuts
     D:8: 1414 daAuts
     D:6: 1334 daAuts
     D:7: 1257 daAuts
     D:4: 1254 daAuts
     D:3: 1209 daAuts
     D:1: 755 daAuts
  Temple: 161 daAuts
